Map: Odyssey LE

Players

Rote - Winner!

  • Race: Terran Terran
  • Spawn Location: 11:00

SouLeer (souL)

  • Race: Zerg Zerg
  • Spawn Location: 5:00

Event: WCS Valencia 2017

VOD

Have the link to the VOD?

Description

Time

  • Played on: July 13, 2017, 8:04 a.m.
  • Length: 14:34

All games in this series

Show
View Real Time Build Order
Export as new Build Order

Rote Terran - Winner!

Build Orders: Reaper Expand, Hellion Banshee, MMM Bio 

Get SALT Encoding   

  12  0:00  SCV  
  13  0:12  SCV  
  14  0:17  Supply Depot  
  14  0:25  SCV  
  15  0:28  Refinery  
  15  0:39  SCV  
  16  0:45  Barracks  
  16  0:51  SCV  
  17  1:03  SCV  
  18  1:15  SCV  
  19  1:32  Orbital Command, Reaper  
  20  1:44  Command Center  
  20  1:58  Factory, SCV  
  21  2:06  Barracks Reactor  
  21  2:08  Refinery  
  21  2:10  SCV  
  22  2:15  Supply Depot  
  23  2:22  SCV  
  23  2:37  SCV  
  23  2:43  Starport  
  24  2:49  Hellion x2  
  28  2:52  SCV  
  28  2:54  Barracks Tech Lab  
  28  2:57  Orbital Command  
  29  3:04  SCV  
  30  3:10  Hellion  
  30  3:11  Hellion  
  34  3:16  SCV  
  35  3:23  SCV  
  36  3:29  SCV  
  37  3:42  Hellion x2, Banshee, Cloaking Field  
  37  3:46  SCV x2  
  37  3:48  Supply Depot  
  46  3:57  Barracks Tech Lab  
  48  4:10  SCV x2  
  48  4:11  Supply Depot  
  48  4:17  Marine  
  48  4:19  Stimpack  
  48  4:22  SCV x2  
  51  4:27  Command Center, Banshee  
  54  4:34  SCV  
  54  4:35  SCV, Marine, Supply Depot  
  57  4:46  SCV  
  57  4:47  SCV, Factory Reactor  
  59  4:53  Marine, Barracks  
  59  4:54  Barracks  
  59  4:58  SCV  
  60  5:08  Engineering Bay  
  60  5:13  Engineering Bay  
  60  5:18  SCV x2  
  62  5:22  Refinery  
  62  5:23  Refinery  
  62  5:27  Marine  
  63  5:30  SCV x2  
  63  5:31  Factory Reactor  
  63  5:34  Terran Infantry Weapons Level 1  
  63  5:35  Starport Reactor  
  65  5:38  Terran Infantry Armor Level 1  
  65  5:44  Marine x2  
  65  5:47  Orbital Command  
  65  5:48  SCV x2  
  65  5:49  Barracks  
  69  5:51  Barracks  
  69  5:55  Marine x2  
  69  5:56  Marine  
  72  6:00  SCV x2  
  72  6:02  Marine  
  75  6:18  Marine x3  
  68  6:23  SCV x2  
  68  6:24  Marine x2, Combat Shields, Medivac x2  
  74  6:27  Factory Reactor  
  74  6:31  Orbital Command  
  74  6:32  Supply Depot  
  74  6:34  Supply Depot  
  74  6:35  SCV, Marine  
  74  6:36  Marine  
  74  6:39  Supply Depot  
  76  6:40  Supply Depot  
  76  6:41  Marine  
  74  6:58  Barracks Reactor x2  
  74  6:59  Medivac x2  
  77  7:02  SCV x2  
  77  7:03  SCV, Supply Depot  
  80  7:16  Marine x4, Armory  
  80  7:17  Marine  
  80  7:20  Factory  
  84  7:33  Widow Mine x2  
  84  7:34  Marine x4  
  84  7:35  Marine  
  93  7:39  SCV x3  
  96  7:51  SCV, Marine x4  
  97  7:52  Marine x2  
  97  7:54  Supply Depot x2  
  97  7:55  Supply Depot  
  97  7:57  Supply Depot  
  103  8:04  SCV x2  
  105  8:12  Marine  
  105  8:13  Marine x8  
  105  8:19  Widow Mine x2  
  118  8:20  Thor  
  118  8:21  Medivac x2  
  118  8:23  Terran Infantry Weapons Level 2  
  128  8:29  Supply Depot x2  
  128  8:30  Marine x2  
  128  8:31  Terran Infantry Armor Level 2  
  130  8:35  Marine x4  
  130  8:36  Marine x3  
  137  8:51  Marine x2  
  137  8:53  Marine  
  137  8:54  Marine x2  
  142  9:02  Marine x4, Widow Mine x2  
  146  9:05  Thor  
  146  9:07  Supply Depot x3  
  156  9:10  SCV  
  156  9:11  SCV x2  
  159  9:23  SCV x2, Missile Turret, Command Center  
  160  9:25  Missile Turret  
  159  9:34  Marine x3  
  159  9:35  Marine x6  
  159  9:36  Widow Mine  
  170  9:44  Refinery  
  170  9:45  Refinery  
  170  9:46  Supply Depot  
  170  9:52  Marine x2  
  166  10:02  Marine x3  
  169  10:13  Marine x6  
  169  10:14  Widow Mine x2  
  171  10:15  Thor  
  171  10:20  Marine  
  171  10:23  Marine x2  
  165  10:30  Marine  
  165  10:31  Marine x2  
  165  10:32  Marine x2  
  165  10:33  Medivac x2  
  168  10:41  Marine x2  
  168  10:42  Marauder, Marine, Terran Infantry Weapons Level 3, Widow Mine x2  
  177  10:53  Marine  
  177  10:54  Marine  
  177  10:56  Marine  
  177  10:57  Marine, Widow Mine  
  180  11:00  Terran Infantry Armor Level 3  
  180  11:04  Marine x2  
  180  11:11  Marine x4, Widow Mine  
  175  11:15  Marine x2  
  183  11:25  Medivac x2  
  174  11:32  Command Center  
  174  11:38  Marine x3  
  177  11:42  Thor, Widow Mine x2  
  177  11:45  Terran Vehicle And Ship Armor Level 1  
  185  11:50  Marine x3  
  185  11:51  Marine x3  
  191  11:55  Marine  
  192  12:11  Widow Mine x2  
  196  12:15  Marine  
  196  12:16  Marauder, Marine  
  197  12:27  Marine x2  
  197  12:28  Medivac x2  
  189  12:31  Planetary Fortress  
  181  12:37  Marauder, Marine  
  172  12:57  Medivac  
  172  12:58  Marine x7, Medivac  
  178  12:59  Marauder, Marine, Widow Mine x2  
  189  13:15  Marine  
  189  13:16  Marine x5  
  183  13:20  Marauder  
  183  13:22  Marine x2, Widow Mine  
  149  13:27  Medivac, Widow Mine  
  149  13:33  Marine  
  142  13:41  Marauder, Marine x7  
  147  13:50  Widow Mine  
  147  13:51  Marine, Widow Mine  
  147  13:54  Medivac  
  154  13:57  Medivac  
  154  13:58  Marine x2  
  154  13:59  Marine x4  
  154  14:03  Marauder  
Show
View Real Time Build Order
Export as new Build Order

SouLeer Zerg 

Build Orders: Hatch First, Muta Ling Bane 

Get SALT Encoding   

  12  0:01  Drone  
  13  0:12  Overlord  
  13  0:18  Drone  
  14  0:31  Drone x2  
  14  0:34  Drone  
  17  0:54  Hatchery  
  17  0:57  Drone  
  17  1:00  Drone  
  18  1:14  Extractor  
  18  1:17  Spawning Pool  
  16  1:20  Drone  
  16  1:24  Drone  
  18  1:28  Drone  
  19  1:39  Drone  
  20  1:50  Overlord  
  20  2:01  Drone  
  20  2:05  Queen  
  20  2:06  Queen  
  20  2:07  Zergling x2  
  26  2:11  Zergling x2  
  27  2:16  Metabolic Boost  
  27  2:21  Drone  
  28  2:24  Drone  
  28  2:28  Drone  
  30  2:42  Hatchery  
  29  2:46  Drone  
  29  2:51  Queen  
  30  2:53  Drone  
  30  2:56  Drone  
  34  3:00  Overlord  
  34  3:03  Drone  
  35  3:05  Drone  
  35  3:12  Overlord  
  36  3:19  Drone x4  
  40  3:22  Overlord  
  40  3:26  Drone x2  
  42  3:31  Queen  
  42  3:34  Zergling x2  
  45  3:37  Zergling x4  
  47  3:42  Overlord  
  47  3:47  Queen  
  49  3:49  Zergling x2  
  50  3:57  Drone x2  
  50  3:58  Drone x2  
  54  4:03  Zergling x8  
  54  4:07  Zergling x4  
  60  4:12  Queen  
  60  4:15  Drone x2  
  64  4:17  Drone x2  
  64  4:20  Drone x2  
  68  4:25  Baneling Nest  
  68  4:26  Zergling x2  
  68  4:29  Zergling x4  
  70  4:35  Overlord  
  70  4:37  Extractor  
  70  4:38  Drone  
  70  4:39  Overlord  
  70  4:43  Zergling x4  
  70  4:45  Drone  
  73  4:48  Spore Crawler  
  73  4:49  Spore Crawler x2  
  73  4:51  Zergling x4  
  72  4:53  Zergling x2  
  72  4:55  Drone  
  72  4:58  Drone  
  72  4:59  Drone x2  
  76  5:03  Drone x3  
  76  5:04  Drone  
  80  5:11  Drone x2  
  80  5:12  Evolution Chamber x2  
  79  5:14  Drone x2  
  79  5:21  Extractor, Lair  
  80  5:22  Drone x2  
  80  5:25  Drone x2  
  80  5:26  Drone  
  80  5:27  Drone  
  85  5:32  Overlord  
  85  5:35  Overlord  
  85  5:38  Zerg Melee Weapons Level 1  
  85  5:41  Zerg Ground Armor Level 1  
  84  5:47  Overlord  
  84  5:49  Overlord  
  84  5:52  Extractor, Drone x4  
  84  5:53  Extractor  
  84  5:54  Zergling x2  
  84  5:56  Zergling x4  
  89  5:57  Drone x2  
  89  6:00  Drone x2  
  89  6:02  Queen  
  89  6:03  Drone  
  89  6:04  Drone  
  97  6:07  Extractor, Overlord  
  97  6:09  Drone x2  
  96  6:17  Drone  
  93  6:22  Drone x2  
  93  6:23  Centrifical Hooks  
  95  6:25  Overseer  
  95  6:28  Zergling x8  
  95  6:30  Zergling x4  
  95  6:31  Hatchery  
  100  6:34  Overlord  
  100  6:38  Overlord  
  100  6:43  Drone x2  
  100  6:45  Zergling x8  
  105  6:49  Zergling x2  
  100  6:56  Zergling x6  
  102  7:04  Spire  
  102  7:05  Zergling x4  
  102  7:06  Hatchery, Zergling x10  
  107  7:11  Baneling x8  
  107  7:12  Baneling  
  107  7:16  Drone x2  
  107  7:20  Queen  
  107  7:21  Overlord  
  107  7:22  Drone x2  
  113  7:26  Zergling x2  
  113  7:27  Zergling x8  
  113  7:28  Baneling x5  
  113  7:29  Baneling  
  118  7:32  Pneumatized Carapace  
  118  7:34  Baneling x5  
  118  7:43  Zerg Melee Weapons Level 2  
  118  7:44  Zerg Ground Armor Level 2  
  118  7:47  Zergling x2  
  118  7:48  Zergling x6  
  122  7:52  Baneling x5  
  122  7:54  Overlord  
  122  7:56  Zergling x2  
  122  7:57  Zergling x6  
  126  8:00  Overseer  
  126  8:06  Drone x2  
  126  8:07  Drone x2  
  126  8:08  Baneling x4  
  126  8:11  Drone x2  
  128  8:21  Zerg Flyer Weapons Level 1  
  128  8:23  Zergling x4  
  128  8:24  Zergling x18  
  128  8:25  Zergling x8  
  143  8:30  Mutalisk x3  
  149  8:35  Overlord  
  149  8:38  Overlord  
  149  8:40  Baneling x6  
  149  8:48  Mutalisk  
  148  8:54  Mutalisk  
  148  8:55  Overlord x3  
  152  8:58  Zergling x30  
  152  9:02  Mutalisk  
  155  9:06  Overlord  
  157  9:11  Overseer  
  157  9:13  Zergling x2  
  157  9:14  Zergling x10  
  163  9:18  Zergling x10  
  163  9:19  Mutalisk  
  163  9:20  Mutalisk  
  170  9:25  Zergling x10  
  170  9:28  Mutalisk  
  168  9:36  Mutalisk  
  170  9:39  Zergling x14  
  170  9:45  Zergling x8  
  181  9:46  Mutalisk  
  181  9:51  Overlord  
  183  9:53  Baneling x5  
  183  9:54  Baneling  
  178  10:01  Zergling x2  
  178  10:02  Hatchery, Zergling x10  
  183  10:07  Zergling x6  
  183  10:08  Zergling x4  
  183  10:09  Mutalisk x2  
  192  10:14  Zergling x8  
  192  10:15  Zergling x2  
  192  10:17  Mutalisk  
  192  10:19  Drone x2  
  192  10:20  Drone x2  
  196  10:28  Overlord  
  196  10:29  Overlord x2  
  196  10:40  Baneling x10  
  196  10:41  Baneling  
  196  10:46  Hatchery, Overlord x2  
  195  10:51  Drone x5  
  199  10:58  Baneling x3  
  199  10:59  Baneling x8  
  199  11:08  Baneling x4  
  195  11:12  Mutalisk  
  196  11:19  Zergling x6  
  196  11:20  Zergling x4  
  190  11:26  Mutalisk x2  
  192  11:33  Extractor  
  192  11:38  Mutalisk  
  193  11:40  Overseer  
  193  11:51  Spine Crawler  
  193  11:52  Baneling x2, Spine Crawler x2  
  193  11:53  Baneling x4, Spine Crawler  
  189  11:54  Overlord  
  189  11:57  Zergling x12  
  189  11:58  Zergling x14  
  189  12:01  Zergling x12  
  191  12:11  Zergling x14  
  191  12:12  Zergling x8  
  191  12:15  Zergling x12  
  191  12:16  Zergling x6  
  191  12:18  Zergling x6  
  191  12:19  Mutalisk x2  
  197  12:35  Mutalisk  
  197  12:36  Mutalisk  
  193  12:41  Zergling x8  
  193  12:42  Hatchery  
  191  12:54  Zergling x12  
  191  12:56  Baneling x3  
  191  12:57  Baneling  
  197  13:01  Mutalisk  
  199  13:09  Zergling x2  
  159  13:20  Zergling x14  
  159  13:21  Zergling x6  
  159  13:24  Zergling x2  
  144  13:32  Mutalisk x2  
  146  13:38  Zergling x6  
  144  13:41  Mutalisk  
  144  13:45  Zergling x4  
  148  13:50  Zergling x6  
  148  13:53  Baneling x3  
  148  13:54  Baneling  
  151  13:57  Zergling x2  
  151  13:59  Baneling  
  151  14:00  Baneling x2  
  151  14:04  Baneling x3  
  151  14:07  Zergling x2  
  152  14:16  Zergling x12  
Tags
 
Add a new tag
Caveats
  • Supply blocks, unpowered buildings, or Contaminate may cause inaccurate times.
  • Supply counts are checked every 10 seconds.